 Dungeon Crawl Stone Soup version 0.21-a0-582-g1b93aee (webtiles) character file.

282 Gaball the Slasher (level 6, 0/70 HPs)
             Began as a Demonspawn Abyssal Knight on Dec 19, 2017.
             Was a Priest of Lugonu.
             Succumbed to an orc wizard's poison
             ... on level 3 of the Dungeon.
             The game lasted 00:05:34 (3647 turns).

Gaball the Slasher (Demonspawn Abyssal Knight)      Turns: 3647, Time: 00:05:34

Health: 0/70       AC: 23    Str: 12 (15) XL:     6   Next: 6%
Magic:  7/7        EV:  2    Int: 12 (13) God:    Lugonu [***...]
Gold:   100        SH:  0    Dex: 15 (17) Spells: 5/5 levels left

rFire    . . .     SeeInvis .   a - +1 falchion
rCold    . . .     Gourm    +   (no shield)
rNeg     + + +     Faith    .   (armour currently unavailable)
rPois    +         Spirit   .   (helmet currently unavailable)
rElec    .         Reflect  .   (cloak currently unavailable)
rCorr    .         Harm     .   (gloves currently unavailable)
MR       .....     NoTele   +   (boots currently unavailable)
Stlth    +++.......             r - amulet of the gourmand
HPRegen  0.21/turn              f - ring of stealth
MPRegen  0.10/turn              (no ring)

@: agile, lethally poisoned (0 -> -3), tree-form, berserk cooldown, slowed, very
slow
A: no striking features
a: Depart the Abyss, Bend Space, Banish, Renounce Religion


You were on level 3 of the Dungeon.
You worshipped Lugonu.
Lugonu was most pleased with you.
You were full.
You were a tree.
You visited 1 branch of the dungeon, and saw 3 of its levels.
You visited the Abyss 1 time.

You collected 100 gold pieces.

Inventory:

Hand Weapons
 a - a +1 falchion (weapon)
 l - a +0 long sword
Armour
 b - a +0 leather armour
 q - a +0 chain mail (melded)
Jewellery
 f - a ring of stealth (left branch)
 r - an amulet of the gourmand (around neck)
 x - a +3 ring of protection {unknown}
Wands
 t - a wand of paralysis (10)
Scrolls
 d - 2 scrolls of enchant armour {unknown}
 e - 3 scrolls of remove curse {unknown}
 h - a scroll of blinking {unknown}
 i - 3 scrolls of magic mapping {unknown}
 m - a scroll of noise {unknown}
 o - a scroll of amnesia {unknown}
 s - a scroll of fog {unknown}
 u - a scroll of immolation {unknown}
 v - a scroll of random uselessness {unknown}
Potions
 g - 3 potions of degeneration
Books
 p - a book of Misfortune

   Spells                             Type                      Level
   a - Confusing Touch                Hexes                        1
   b - Confuse                        Hexes                        3
   c - Gell's Gravitas                Translocation                3
   d - Petrify                        Transmutation/Earth          4
   e - Metabolic Englaciation         Hexes/Ice                    5
   f - Yara's Violent Unravelling     Hexes/Transmutation          5
Comestibles
 c - 4 rations


   Skills:
 - Level 3.0 Fighting
 + Level 5.9 Long Blades
 - Level 1.7 Armour
 - Level 0.8 Dodging
 - Level 2.4 Invocations


You had 5 spell levels left.
You didn't know any spells.

Dungeon Overview and Level Annotations

Branches:
Dungeon (3/15)

Altars:


Innate Abilities, Weirdness & Mutations

((You have a pair of horns on your head.))
((Your movements are slightly less encumbered by armour. (ER -2)))


Message History

You feel stronger.
Your demonic ancestry asserts itself...
You feel less encumbered by your armour.
You are too berserk!
* * * LOW HITPOINT WARNING * * *
You feel sick.
Items here: ))) [ †† You feel a strong urge to attack something.
You are no longer berserk.
You are exhausted.
You feel as though you will be slow longer.
* * * LOW HITPOINT WARNING * * *
You feel sick.
It was a potion of agility.
You feel agile all of a sudden.
* * * LOW HITPOINT WARNING * * *
You feel sick.
It was a potion of lignification.
You turn into a tree.
Your +0 chain mail melds into your body.
Your roots penetrate the ground.
You die...

### #..#### .. #..# #
####.#### ##..####
#.......# #.....).
#.......# ## ######...####
#.......###.......#...#
.......)....#####.#...####
#.......####..............
#.......[♣....###.#.......
......).####..# #.#.......
###.########..###.#..#....
# #.............#....
#.###..###.##.###.#
.....###.##.###.#
...........##......
#########..######.#
########## #..# #.#


There were no monsters in sight!

Vanquished Creatures
  A hound (D:2)
  2 orc priests (D:3)
  2 orc wizards (D:3)
  An adder (D:3)
  An ooze (D:1)
  A worm (D:2)
  5 dart slugs
  A leopard gecko (D:1)
  21 orcs (D:3)
  3 giant cockroaches
  6 hobgoblins
  5 jackals
  7 kobolds
  5 quokkas (D:3)
  9 bats
  2 frilled lizards
  7 goblins
  A leopard gecko zombie (D:2)
  8 rats
88 creatures vanquished.

Notes
Turn   | Place    | Note
-------+----------+-------------------------------------------
     0 | Abyss:1  | Gaball the Demonspawn Abyssal Knight began the quest for the Orb.
     0 | Abyss:1  | Reached XP level 1. HP: 18/18 MP: 2/2
    63 | Abyss:1  | Noticed a raiju
    69 | D:1      | Escaped the Abyss
   263 | D:1      | Reached skill level 2 in Long Blades
   339 | D:1      | Reached * piety under Lugonu
   339 | D:1      | Gained mutation: You have a pair of small horns on your head. [demonic ancestry]
   339 | D:1      | Reached XP level 2. HP: 12/24 MP: 3/3
   720 | D:1      | Reached skill level 3 in Long Blades
   743 | D:1      | Reached XP level 3. HP: 21/29 MP: 4/4
  1528 | D:2      | Reached skill level 4 in Long Blades
  1528 | D:2      | Gained mutation: You have a pair of horns on your head. [demonic ancestry]
  1528 | D:2      | Reached XP level 4. HP: 26/35 MP: 5/5
  2042 | D:2      | Reached ** piety under Lugonu
  2787 | D:3      | Reached XP level 5. HP: 38/41 MP: 6/6
  2805 | D:3      | Reached skill level 5 in Long Blades
  3386 | D:3      | Reached *** piety under Lugonu
  3643 | D:3      | Gained mutation: Your movements are slightly less encumbered by armour. (ER -2) [demonic ancestry]
  3643 | D:3      | Reached XP level 6. HP: 4/47 MP: 7/7
  3645 | D:3      | HP: 2/47 [poisoned by an orc wizard]
  3647 | D:3      | Succumbed to an orc wizard's poison

Vault maps used:
D:1:      scummos_arrival_star, minmay_ruptured
D:2:      serial_glass, glass_columns_a, glass_columns_c, glass_columns_a,
          glass_columns_c, glass_columns_b, glass_columns_a, glass_columns_a,
          glass_columns_a, glass_columns_b, glass_columns_a, glass_columns_a,
          glass_columns_a, glass_columns_a, glass_columns_a
D:3:      kennysheep_cross_room, dk_noncrumbling_3

Skill      XL: |  1  2  3  4  5 |
---------------+----------------+-----
Long Blades    | 2 3 4 5 |  5.9
Fighting       | |  3.0
Armour         | |  1.7
Dodging        | |  0.8
Invocations    | |  2.4

Action                   |  1- 3 |  4- 6 || total
-------------------------+-------+-------++-------
Melee: Falchion          |    83 |   197 ||   280
       Headbutt          |     9 |    26 ||    35
Invok: Depart the Abyss  |     1 |       ||     1
  Use: Potion            |       |     5 ||     5
 Stab: Distracted        |     1 |       ||     1
  Eat: Chunk             |     2 |    12 ||    14
Armor: Leather armour    |    20 |    17 ||    37
       Chain mail        |       |    67 ||    67
Dodge: Dodged            |    63 |    82 ||   145
       Rpst.: Falchion   |    20 |    27 ||    47

Table legend:
 A = Spawn XP
 B = Non-spawn XP
 C = Spawn XP percentage of total XP
 D = Spawn monster count
 E = Non-spawn monster count
 F = Spawn count percentage of total count
 G = Total turns spent on level
                    A         B        C        D         E        F      G
               +---------+---------+-------+---------+---------+-------+---------
         Total |       0 |     404 |   0.0 |       0 |      88 |   0.0 |  3647
               +---------+---------+-------+---------+---------+-------+---------
           D:1 |       0 |      54 |   0.0 |       0 |      25 |   0.0 |  1389
           D:2 |       0 |      84 |   0.0 |       0 |      21 |   0.0 |  1029
           D:3 |       0 |     266 |   0.0 |       0 |      42 |   0.0 |  1160
               +---------+---------+-------+---------+---------+-------+---------
